 Dungeon Crawl Stone Soup version 0.29.0-11-gd7f09526c8 (webtiles) character file.

Game seed: 6578704986842056889

1234 RKaid the Skirmisher (level 8, -5/48 HPs)
             Began as a Deep Elf Hunter on Sept 3, 2022.
             Shot with an arrow by a centaur (8 damage)
             ... on level 5 of the Dungeon.
             The game lasted 00:13:03 (6492 turns).

RKaid the Skirmisher (Deep Elf Hunter)              Turns: 6492, Time: 00:13:04

Health: -5/48      AC:  4    Str:  4 (7)  XL:     8   Next: 24%
Magic:  10/10      EV: 13    Int: 16 (19) God:
Gold:   203        SH:  0    Dex: 16 (19) Spells: 7/7 levels left

rFire   + . .      SeeInvis .   a - +0 shortbow
rCold   . . .      Faith    .   (shield currently unavailable)
rNeg    . . .      Spirit   .   i - +0 leather armour
rPois   .          Reflect  .   (helmet restricted)
rElec   .          Harm     .   p - +0 cloak
rCorr   +          Rampage  .   (no gloves)
Will    .....                   (no boots)
Stlth   ++........              (no amulet)
HPRegen 0.16/turn               g - ring of resist corrosion
MPRegen 0.12/turn               x - ring of protection from fire {rF+}

@: no status effects
A: antennae 1, clever 1
a: no special abilities


You were on level 5 of the Dungeon.
You visited 1 branch of the dungeon, and saw 5 of its levels.

You collected 260 gold pieces.
You spent 57 gold pieces at shops.

Inventory:

Hand Weapons
 a - a +0 shortbow (weapon)
 d - a +0 dagger of speed
   (You took it off a kobold on level 1 of the Dungeon)
Armour
 i - a +0 leather armour (worn)
 p - a +0 cloak (worn)
   (You found it on level 2 of the Dungeon)
Jewellery
 g - a ring of resist corrosion (left hand)
   (You found it on level 2 of the Dungeon)
 r - a ring of magical power {MP+9}
   (You found it on level 4 of the Dungeon)
 x - a ring of protection from fire (right hand) {rF+}
   (You found it on level 5 of the Dungeon)
Wands
 o - a wand of iceblast (3)
   (You found it on level 2 of the Dungeon)
 s - a wand of charming (11)
   (You found it on level 4 of the Dungeon)
 A - a wand of acid (4)
   (You found it on level 3 of the Dungeon)
Scrolls
 b - 3 scrolls of immolation {!r}
 j - a scroll of acquirement
 v - a scroll of enchant weapon
Potions
 c - a potion of curing
 e - a potion of magic {unknown}
 f - 2 potions of haste
 h - 3 potions of might
 k - a potion of ambrosia {unknown}
 m - a potion of resistance
 n - a potion of cancellation {unknown}
 q - a potion of brilliance
 t - a potion of heal wounds {unknown}
 u - a potion of attraction {unknown}


   Skills:
 + Level 4.3 Fighting
 * Level 10.6 Ranged Weapons
 + Level 6.3 Dodging
 - Level 1.2 Stealth


You had 7 spell levels left.
You didn't know any spells.
Your spell library was empty.

Dungeon Overview and Level Annotations

Branches:
Dungeon (5/15)
 Temple: D:4-7

Altars:

Shops:
D:1 *   D:3 (

Annotations:
D:4 Pikel


Innate Abilities, Weirdness & Mutations

You have a pair of small antennae on your head.
Your mind is acute. (Int +4, Str/Dex -1)


Message History

You shoot an arrow. The arrow barely misses the gnoll.
You shoot an arrow. The arrow hits the gnoll sergeant!
The gnoll sergeant hits you from afar with a +5 vampiric spear.
You shoot an arrow. The arrow hits the gnoll sergeant.
The gnoll sergeant closely misses you.
You shoot an arrow. The arrow hits the gnoll!
You kill the gnoll!
The gnoll sergeant hits you from afar with a +5 vampiric spear!
The gnoll sergeant draws strength from your wounds!
Unknown command.
Unknown command.
You shoot an arrow. The arrow hits the gnoll.
You shoot an arrow. The arrow closely misses the gnoll.
The gnoll sergeant misses you.
You shoot an arrow. The arrow hits the gnoll.
The gnoll hits you with a +0 club. The gnoll sergeant closely misses you.
The gnoll barely misses you. The gnoll attacks as you move away!
The gnoll misses you. The gnoll attacks as you move away!
The gnoll hits you with a +0 club.
You shoot an arrow. The arrow hits the gnoll!
You kill the gnoll!
You shoot an arrow. The gnoll sergeant blocks the arrow.
You shoot an arrow.
The arrow hits the gnoll sergeant but does no damage.
The gnoll sergeant barely misses you.
You shoot an arrow.
The arrow completely misses the gnoll sergeant.
The gnoll sergeant hits you from afar with a +5 vampiric spear.
The gnoll sergeant draws strength from your wounds!
You shoot an arrow. The arrow hits the gnoll.
The gnoll hits you with a +0 club. The gnoll sergeant barely misses you.
The gnoll hits you but does no damage.
The gnoll sergeant hits you from afar with a +5 vampiric spear!
You are too injured to fight recklessly!
You are too injured to fight recklessly!
The gnoll attacks as you move away! The gnoll closely misses you.
You are too injured to fight recklessly!
Fire: a) +0 shortbow
Press: ? - help, Q - select action Shift-Dir - straight line, f/p - gnoll
Aim: a gnoll, wielding a +0 club (lightly wounded, 71% to hit)
You shoot an arrow. The arrow closely misses the gnoll.
The gnoll sergeant hits you from afar with a +5 vampiric spear.
* * * LOW HITPOINT WARNING * * *
The gnoll sergeant draws strength from your wounds!
The gnoll completely misses you.
Aiming: Iceblast
Press: ? - help, Shift-Dir - straight line, p - gnoll The mass of ice explodes!
The iceblast engulfs the gnoll sergeant.
The iceblast engulfs the gnoll!
You kill the gnoll!
The gnoll sergeant hits you from afar with a +5 vampiric spear!
* * * LOW HITPOINT WARNING * * *
The gnoll sergeant draws strength from your wounds!
Okay, then.
Really read
l - a scroll of blinking {!r}?
Blink to where?
Press: ? - help, Dir - move target
As you read the scroll of blinking {!r}, it crumbles to dust.
Aiming: Corrosive Bolt
Press: ? - help, Shift-Dir - straight line, f - you
Okay, then.
Aiming: Iceblast
Press: ? - help, Shift-Dir - straight line
Okay, then.
Fire: a) +0 shortbow
Press: ? - help, Q - select action Shift-Dir - straight line, f - gnoll sergeant
Aim: a gnoll sergeant, wielding a +5 vampiric spear, wearing a +0 scale mail and wearing a +0 kite shield (heavily wounded, 77% to hit)
You shoot an arrow.
The arrow barely misses the gnoll sergeant.
Fire: a) +0 shortbow
Press: ? - help, Q - select action Shift-Dir - straight line, f/p - gnoll sergeant
Aim: a gnoll sergeant, wielding a +5 vampiric spear, wearing a +0 scale mail and wearing a +0 kite shield (heavily wounded, 77% to hit)
You shoot an arrow.
The arrow hits the gnoll sergeant but does no damage.
Fire: a) +0 shortbow
Press: ? - help, Q - select action Shift-Dir - straight line, f/p - gnoll sergeant
Aim: a gnoll sergeant, wielding a +5 vampiric spear, wearing a +0 scale mail and wearing a +0 kite shield (heavily wounded, 77% to hit)
You shoot an arrow.
The arrow hits the gnoll sergeant but does no damage.
Aiming: Iceblast
Press: ? - help, Shift-Dir - straight line, f/p - gnoll sergeant
Aim: a gnoll sergeant, wielding a +5 vampiric spear, wearing a +0 scale mail and wearing a +0 kite shield (heavily wounded)
The mass of ice explodes!
The iceblast engulfs the gnoll sergeant.
Aiming: Iceblast
Press: ? - help, Shift-Dir - straight line, f/p - gnoll sergeant
Aim: a gnoll sergeant, wielding a +5 vampiric spear, wearing a +0 scale mail and wearing a +0 kite shield (heavily wounded)
The mass of ice explodes!
The iceblast engulfs the gnoll sergeant!
You kill the gnoll sergeant!
You start resting.
A centaur comes into view.
Okay, then.
It was a potion of degeneration.
There was something very wrong with that liquid.
You feel weakened.
You feel dopey.
You feel clumsy.
The centaur wields a +0 shortbow.
The centaur shoots an arrow.
The arrow hits you!
You die...

#...#
#.......#..####
..##
#...#....).#..###
#...####...##.#.#
#...# ##.....#..#
##..####...#######
##....##)..##
##......#..##
#..........#
...c.....@..##
...........##
#..........##
##......#...# ####
#..######..## #..#
#..# ##..#####
#..## #..#
#......#####..##
#..#
#...........##..
##..#
##..####......##.


You could see a centaur.

Vanquished Creatures
  Grinder (D:5)
  Eustachio (D:5)
  A black bear (D:5)
  A phantom (D:4)
  3 lemures
  A necrophage (D:4)
  A gnoll sergeant (D:5)
  2 hounds
  3 orc priests
  2 jellies
  An iguana (D:5)
  3 orc wizards
  Robin (D:3)
  10 gnolls
  10 adders
  3 worms
  2 dart slugs
  14 orcs
  4 bats
  4 endoplasms
  5 giant cockroaches
  17 goblins
  8 hobgoblins
  3 jackals (D:2)
  3 ball pythons
  4 frilled lizards
  6 kobolds
  3 rats
117 creatures vanquished.

Notes
Turn   | Place    | Note
-------+----------+-------------------------------------------
     0 | D:1      | RKaid the Deep Elf Hunter began the quest for the Orb.
     0 | D:1      | Reached XP level 1. HP: 12/12 MP: 3/3
   273 | D:1      | Reached XP level 2. HP: 17/17 MP: 4/4
   398 | D:1      | Found Waugg's Assorted Antiques.
   406 | D:1      | Bought a scroll labelled EXYQEG MECIUDD for 19 gold pieces
   406 | D:1      | Bought a scroll labelled NYV DONGUFUYLU for 19 gold pieces
   451 | D:1      | Found a faded altar of an unknown god.
   766 | D:1      | Bought a scroll labelled ODICORHU NAISCH for 19 gold pieces
   793 | D:2      | Reached skill level 2 in Fighting
   793 | D:2      | Reached skill level 6 in Ranged Weapons
   793 | D:2      | Reached skill level 3 in Dodging
   795 | D:2      | Reached XP level 3. HP: 13/21 MP: 5/5
  1221 | D:2      | Reached XP level 4. HP: 26/26 MP: 6/6
  1759 | D:2      | Gained mutation: Your mind is acute. (Int +4, Str/Dex -1)
                  | [potion of mutation]
  1759 | D:2      | Gained mutation: You have a pair of small antennae on your
                  | head. [potion of mutation]
  1900 | D:3      | HP: 6/27 [goblin/+0 dagger (1)]
  2178 | D:3      | Reached skill level 7 in Ranged Weapons
  2182 | D:3      | Reached XP level 5. HP: 31/31 MP: 7/7
  2226 | D:3      | Reached skill level 4 in Dodging
  2287 | D:3      | Noticed Robin
  2762 | D:3      | Killed Robin
  2810 | D:3      | Found Sinkuhiu's Antique Weapon Emporium.
  2959 | D:3      | Reached skill level 3 in Fighting
  2959 | D:3      | Reached XP level 6. HP: 37/37 MP: 8/8
  3224 | D:4      | Reached skill level 8 in Ranged Weapons
  3888 | D:4      | HP: 6/37 [lemure[Pikel] (4)]
  4282 | D:4      | Noticed Pikel
  4692 | D:5      | Entered Level 5 of the Dungeon
  4881 | D:4      | Reached XP level 7. HP: 19/41 MP: 9/9
  5203 | D:5      | Noticed Grinder
  5306 | D:4      | Reached skill level 5 in Dodging
  5522 | D:5      | Killed Grinder
  5523 | D:5      | Reached skill level 9 in Ranged Weapons
  6052 | D:5      | Noticed Eustachio
  6061 | D:5      | Killed Eustachio
  6062 | D:5      | Reached skill level 4 in Fighting
  6062 | D:5      | Reached skill level 10 in Ranged Weapons
  6068 | D:5      | Reached skill level 6 in Dodging
  6068 | D:5      | Reached XP level 8. HP: 31/48 MP: 10/10
  6480 | D:5      | HP: 10/48 [gnoll sergeant/+5 vampiric spear (5)]
  6482 | D:5      | HP: 2/48 [gnoll sergeant/+5 vampiric spear (9)]
  6492 | D:5      | Shot with an arrow by a centaur

Illustrated notes

Levels and vault maps discovered:
D:1:      sevenhm_arrival_forest_fort_small_3, layout_rooms,
          hellmonk_ecumenical_altar_crossroads, serial_shops,
          nicolae_shop_hallway_stairs, minmay_worlds_worst_comb
D:2:      layout_basic
D:3:      layout_basic, serial_shops, nicolae_shop_stone, minmay_box_of_dots,
          uniq_robin
D:4:      layout_loops_ring, hangedman_decor_points, minmay_misc_feat_hallway,
          uniq_pikel
D:5:      layout_layer_cave, uniq_eustachio, uniq_grinder

Skill      XL: |  1  2  3  4  5  6  7 |
---------------+----------------------+-----
Fighting       | 2 3 4 |  4.3
Ranged Weapons | 6 7 8 10 | 10.6
Dodging        | 3 4 6 |  6.3
Stealth        | |  1.2

Action                   |  1- 3 |  4- 6 |  7- 9 || total
-------------------------+-------+-------+-------++-------
 Fire: Shortbow          |    84 |   240 |   107 ||   431
Evoke: Wand              |       |       |     3 ||     3
  Use: Scroll            |     3 |     9 |     2 ||    14
       Potion            |       |     2 |     1 ||     3
Armor: Leather armour    |     7 |    33 |    12 ||    52
Dodge: Dodged            |    24 |    95 |    49 ||   168

Table legend: (Time is in decaauts)
 A = Elapsed time spent in this place.
 B = Non-inter-level travel time spent in this place.
 C = Inter-level travel time spent in this place.
 D = Time resting spent in this place.
 E = Time spent auto-exploring this place.
 F = Levels seen in this place.
 G = Mean time per level.
                   A        B        C        D        E       F      G
               +--------+--------+--------+--------+--------+-----+--------+
         Total |   6566 |   6356 |    210 |   2371 |   2931 |   5 | 1313.2 |
       Dungeon |   6566 |   6356 |    210 |   2371 |   2931 |   5 | 1313.2 |
               +--------+--------+--------+--------+--------+-----+--------+

Top non-repeatable levels by time:
     D:4: 1911 daAuts
     D:3: 1499 daAuts
     D:5: 1370 daAuts
     D:2: 993 daAuts
     D:1: 792 daAuts

Table legend:
 A = Kills in this place as a percentage of kills in entire the game.
 B = Kills by you in this place as a percentage of kills by you in the entire game.
 C = Kills by friends in this place as a percentage of kills by friends in the entire game.
 D = Other kills in this place as a percentage of other kills in the entire game.
 E = Experience gained in this place as a percentage of experience gained in the entire game.
 F = Experience gained in this place divided by the number of levels of this place that you have seen.
                   A       B       C       D       E      F
               +-------+-------+-------+-------+-------+----------------------
         Total | 100.0 | 100.0 |   N/A |   N/A | 100.0 | 352.8
       Dungeon | 100.0 | 100.0 |   N/A |   N/A | 100.0 | 352.8
               +-------+-------+-------+-------+-------+----------------------
